 Dungeon Crawl Stone Soup version 0.31.0-10-gcf4a605ca0 (webtiles) character file.

Game seed: 14355306224282294016

42 Gadfly the Ruffian (level 3, -8/33 HPs)
             Began as a Troll Shapeshifter on Jan 26, 2024.
             Killed by nerve-wracking pain
             ... invoked by Grinder
              (13 damage)
             ... on level 3 of the Dungeon.
             The game lasted 00:02:52 (1257 turns).

Gadfly the Ruffian (Troll Shapeshifter)             Turns: 1257, Time: 00:02:52

Health: -8/33      AC:  4    Str: 28    XL:     3   Next: 35%
Magic:  2/2        EV: 10    Int:  6    God:
Gold:   109        SH:  0    Dex: 11    Spells: 2/2 levels left

rFire   . .          .
                       - Unarmed
rCold   . . .        (no shield)
rNeg    . . .        a - +0 animal skin
rPois   .            (helmet currently unavailable)
rElec   .            (cloak currently unavailable)
rCorr   .            (gloves unavailable)
SInv    .            (boots unavailable)
Will    .....        (no amulet)
Stlth   +            j - +6 ring of strength
HPRegen 1.05/turn    (no ring)
MPRegen 0.08/turn

%: no passive effects
@: beast-form
A: beast (slay +1), large, unfitting armour, claws 3, regeneration 1, shaggy fur
1, tough skin 1
a: Begin Untransformation


You were on level 3 of the Dungeon.
You were a hulking beast.
You visited 1 branch of the dungeon, and saw 3 of its levels.

You collected 109 gold pieces.

Inventory:

Hand Weapons
 g - a +0 dagger of draining
Missiles
 h - a throwing net (quivered)
Armour
 a - a +0 animal skin (worn)
Jewellery
 j - a +6 ring of strength (left claw)
Talismans
 c - a beast talisman
 d - a flux talisman
Wands
 k - a wand of iceblast (7)
Scrolls
 e - a scroll of fear
 l - a scroll of enchant armour
Potions
 b - a potion of lignification
 i - a potion of haste
 o - a potion of attraction


   Skills:
 * Level 1.3 Fighting
 * Level 2.0 Dodging
 * Level 3.4 Unarmed Combat
 * Level 0.7 Evocations
 + Level 3.1 Shapeshifting


You had 2 spell levels left.
You didn't know any spells.
Your spell library was empty.

Dungeon Overview and Level Annotations

Branches:
Dungeon (3/15)

Altars:

Shops:
D:2 (

Annotations:
D:3 Grinder


Innate Abilities, Weirdness & Mutations

You are a hulking beast.
Your limbs bulge with bestial killing power. (Slay +1)
You are too large for most types of armour.
You have claws for hands.
Your natural rate of healing is unusually fast.
You are covered in fur. (AC +1)
You have tough skin. (AC +1)


Message History

Pain shoots through your body!
You barely miss Grinder.
Grinder is moderately wounded.
The goblin shouts!
Grinder hits you.
You writhe in agony.
You are too injured to fight recklessly!
You are too injured to fight recklessly!
You are too injured to fight recklessly!
You are too injured to fight recklessly!
You are too injured to fight recklessly!
You are too injured to fight recklessly!
You are too injured to fight recklessly!
You are too injured to fight recklessly!
You are too injured to fight recklessly!
You are too injured to fight recklessly!
You are too injured to fight recklessly!
You are too injured to fight recklessly!
You are too injured to fight recklessly!
You are too injured to fight recklessly!
You are too injured to fight recklessly!
You are too injured to fight recklessly!
You are too injured to fight recklessly!
You are too injured to fight recklessly!
You are too injured to fight recklessly!
You are too injured to fight recklessly!
You barely miss Grinder.
Grinder is moderately wounded.
Grinder gestures at you. Pain shoots through your body!
* * * LOW HITPOINT WARNING * * *
Unknown command.
You closely miss Grinder.
Grinder is moderately wounded.
Grinder closely misses you.
You scratch Grinder but do no damage.
Grinder is moderately wounded.
Grinder gestures at you. Pain shoots through your body!
You die...
Grinder says, "Hey, I wasn't done torturing you yet!"

.. .# ## #####.#
?#..
?..#....##.#.#
.........#...#
............##..
..............
#.# .#
........5..# #.#
.# ........hg.#
#.# .#
..#.......# #.#
.# #..#...## #.#
.## #.
##..######.##..#
#. ##..........#
# #>........<#
#....#######
#....# #..####


You could see Grinder and a goblin.

Vanquished Creatures
  2 ribbon worms (D:2)
  3 bats
  6 endoplasms
  3 giant cockroaches
  4 goblins
  A hobgoblin (D:2)
  3 kobolds
  2 quokkas
  4 ball pythons
  2 frilled lizards (D:2)
  3 rats (D:2)
33 creatures vanquished.

Notes
Turn   | Place    | Note
-------+----------+-------------------------------------------
     0 | D:1      | Gadfly the Troll Shapeshifter began the quest for the Orb.
     0 | D:1      | Reached XP level 1. HP: 18/18 MP: 0/0
    83 | D:1      | Reached XP level 2. HP: 22/26 MP: 1/1
    92 | D:1      | Found Hethrunou's Armour Shop.
   356 | D:1      | Reached skill level 1 in Fighting
   696 | D:2      | Reached XP level 3. HP: 33/33 MP: 2/2
   894 | D:2      | Found Yguh Wygy's Antique Weapon Boutique.
  1235 | D:3      | Noticed Grinder
  1236 | D:3      | Paralysed by Grinder for 3 turns
  1257 | D:3      | Killed from afar by Grinder

Illustrated notes

Levels and vault maps discovered:
D:1:      tarquinn_simple_flora_water_a, layout_basic, serial_shops, shop,
          hangedman_abyss_or_decor_stabs
D:2:      layout_loops_ring, serial_shops, shop
D:3:      layout_rooms, chequers_ecumenical_altar_lobes, uniq_grinder,
          uniq_crazy_yiuf_cottage

Skill      XL: |  1  2  3 |
---------------+----------+-----
Fighting       | 1 |  1.3
Dodging        | 2 |  2.0
Unarmed Combat | |  3.4
Evocations     | |  0.7
Shapeshifting  | |  3.1

Action                     || total
---------------------------++-------
  Melee: Unarmed           ||    78
         Punch             ||     1
    Use: Scroll            ||    10
   Stab: Sleeping          ||     1
 Armour: Animal skin       ||    40
  Dodge: Dodged            ||    30
